 Dungeon Crawl Stone Soup version 0.28.0-45-g0d030f2227 (webtiles) character file.

Game seed: 12056615992210649651

88 GigaChad the Skirmisher (level 4, -3/42 HPs)
             Began as a Minotaur Chaos Knight on Apr 21, 2022.
             Was a Plaything of Xom.
             Slain by a gnoll
             ... wielding a +0 flail
              (13 damage)
             ... on level 2 of the Dungeon.
             The game lasted 00:05:40 (1686 turns).

GigaChad the Skirmisher (Minotaur Chaos Knight)     Turns: 1686, Time: 00:05:40

Health: -3/42      AC:  6    Str: 16    XL:     4   Next: 30%
Magic:  3/3        EV:  5    Int:  9    God:    Xom [..*...]
Gold:   93         SH:  0    Dex: 10    Spells: 3/3 levels left

rFire   . . .      SeeInvis .   a - +0 falchion (chaos)
rCold   . . .      Faith    .   (no shield)
rNeg    . . .      Spirit   .   g - +0 plate armour
rPois   .          Reflect  .   (helmet restricted)
rElec   .          Harm     .   (no cloak)
rCorr   .          Rampage  .   (no gloves)
Will    .....                   (no boots)
Stlth   ..........              (no amulet)
HPRegen 0.14/turn               (no ring)
MPRegen 0.08/turn               (no ring)

@: unable to read
A: horns 2, retaliatory headbutt, clumsy 1, deformed body, inability to read
while threatened
a: Renounce Religion


You were on level 2 of the Dungeon.
You worshipped Xom.
You were a toy of Xom.
You visited 1 branch of the dungeon, and saw 2 of its levels.

You collected 93 gold pieces.

Inventory:

Hand Weapons
 a - a +0 falchion of chaos (weapon)
Armour
 b - a +2 leather armour
 g - a +0 plate armour (worn)
Jewellery
 c - a ring of wizardry
Potions
 d - a potion of berserk rage {unknown}
 e - a potion of lignification {unknown}
 f - a potion of brilliance {unknown}
 h - a potion of curing {unknown}


   Skills:
 + Level 5.0 Fighting
 + Level 4.7 Long Blades
 + Level 2.7 Armour
 + Level 1.5 Dodging
 + Level 0.1 Stealth


You had 3 spell levels left.
You didn't know any spells.
Your spell library was empty.

Dungeon Overview and Level Annotations

Branches:
Dungeon (2/15)

Altars:


Innate Abilities, Weirdness & Mutations

You have a pair of horns on your head.
You reflexively headbutt those who attack you in melee.
You are clumsy. (Dex -2)
Armour fits poorly on your strangely shaped body.
You sometimes lose the ability to read scrolls when taking damage.


Message History

Welcome back, GigaChad the Minotaur Chaos Knight.
Xom snickers.
Press ? for a list of commands and other information.
Really walk into that cloud of calcifying dust?
You are engulfed in calcifying dust.
You are engulfed in calcifying dust.
You are slowing down.
Your limbs are stiffening.
You have turned to stone.
Xom transforms those around you.
The ball python reforms as a club.
You turn to flesh and can move again.
Your trail of clouds dissipates.
You see here a -3 club.
You see here a +0 ring mail.
The gnoll hits you with a +0 whip.
You closely miss the gnoll. You headbutt the gnoll.
The gnoll is lightly wounded.
The gnoll hits you with a +0 whip.
You hit the gnoll. You freeze the gnoll. Your headbutt misses the gnoll.
The gnoll is severely wounded.
The gnoll barely misses you. You furiously retaliate!
You headbutt the gnoll.
You kill the gnoll!
You hit the gnoll but do no damage.
The gnoll goes berserk!
The gnoll hits you with a +0 flail! The gnoll closely misses you.
The gnoll hits you but does no damage.
You hit the gnoll. You headbutt the gnoll.
The gnoll is moderately wounded.
The gnoll hits you with a +0 flail!
You feel threatened and lose the ability to read scrolls!
The gnoll barely misses you. The gnoll hits you but does no damage.
You hit the gnoll. You freeze the gnoll. You headbutt the gnoll.
The gnoll is almost dead.
The gnoll hits you with a +0 flail! The gnoll hits you but does no damage.
The gnoll hits you with a +0 flail.
* * * LOW HITPOINT WARNING * * *
The gnoll barely misses you.
You closely miss the gnoll. The gnoll hits you with a +0 flail!
You die...
Xom is highly amused!

#g...# ###### #gg..#
.....# # #....#
#..#.# .. ######S...#
#.##.# ..
#.....ยง...#
#.##.##.. #....######
#.##..... #....#
#.#......
#..gg#.######........
#..g@#..............'
#....#######.)......#
#...[...............#
############........#
###......# #......#
#......# ##'##...
#.##.#.


You could see 3 gnolls.

Vanquished Creatures
  A gnoll (D:2)
  3 adders (D:2)
  A worm (D:2)
  5 ball pythons (D:1)
  4 bats
  2 endoplasms
  3 giant cockroaches (D:1)
  4 goblins
  5 hobgoblins
  5 jackals (D:2)
  5 kobolds
  2 quokkas (D:1)
  4 frilled lizards
  3 rats (D:1)
47 creatures vanquished.

Notes
Turn   | Place    | Note
-------+----------+-------------------------------------------
     0 | D:1      | GigaChad the Minotaur Chaos Knight began the quest for the
                  | Orb.
     0 | D:1      | Reached XP level 1. HP: 19/19 MP: 0/0
   118 | D:1      | Reached skill level 4 in Fighting
   195 | D:1      | Reached XP level 2. HP: 26/27 MP: 1/1
   243 | D:1      | XOM: divination: magic mapping
   286 | D:1      | XOM: divination: magic mapping
   446 | D:1      | Reached XP level 3. HP: 29/34 MP: 2/2
   447 | D:1      | XOM: 2-stop teleportation journey
   559 | D:1      | XOM: noise
   587 | D:1      | XOM: give mutations
   587 | D:1      | Gained mutation: You sometimes lose the ability to read
                  | scrolls when taking damage. [Xom's mischief]
   587 | D:1      | Gained mutation: Armour fits poorly on your strangely
                  | shaped body. [Xom's mischief]
   587 | D:1      | Gained mutation: You are clumsy. (Dex -2) [Xom's mischief]
   722 | D:2      | XOM: noise
   980 | D:2      | XOM: confusion (+ monsters)
   984 | D:2      | Reached XP level 4. HP: 12/41 MP: 3/3
   991 | D:2      | Reached skill level 5 in Fighting
  1447 | D:2      | XOM: silly message
  1546 | D:2      | XOM: cloud trail
  1655 | D:2      | XOM: snakes to sticks
  1686 | D:2      | Slain by a gnoll

Illustrated notes

Levels and vault maps discovered:
D:1:      heliophobic_arrival_henge, layout_loops_ring
D:2:      layout_basic, basic_ecumenical_altar, minmay_3d_cube

Skill      XL: |  1  2  3  4 |
---------------+-------------+-----
Fighting       | 4 5 |  5.0
Long Blades    | 4 |  4.7
Armour         | |  2.7
Dodging        | |  1.5
Stealth        | |  0.1

Action                   |  1- 3 |  4- 6 || total
-------------------------+-------+-------++-------
Melee: Falchion          |    62 |    17 ||    79
       Headbutt          |    11 |     4 ||    15
       Punch             |     1 |     1 ||     2
 Stab: Paralysed         |     1 |       ||     1
       Confused          |       |     1 ||     1
Armor: Leather armour    |    29 |     8 ||    37
       Plate armour      |       |     3 ||     3
Dodge: Dodged            |    61 |    20 ||    81
